AoeStats
← _The_Lion

Arabia

509464924Analyzed
1v1 RM · 6d ago on Sep 26, 2026· 44m 38s· 2 players
Game mode
Random Map
Map size
Tiny (2 player)
Population
200
Speed
Normal
Resources
Standard
Victory
Conquest
Starting age
Dark Age
Ending age
Imperial Age
RankedLock teamsTeams togetherTeam positionsShared explorationLock speedFull tech treeHidden civsTurbo modeCheats
Victory
Defeat
🇨🇦 Portuguese · Canada
1680
+12
🇹🇷 Huns · Türkiye
1592
-12
Kanyaga
2:08 Loom
10:34 Feudal Age
10:55 Man-at-Arms
12:00 Arson
16:10 Fletching
17:33 Padded Archer Armor
18:23 Double-Bit Axe
27:26 Castle Age
25:37 Gold Mining
26:37 Stone Mining
28:39 Bodkin Arrow
37:34 Scale Barding Armor
_The_Lion
3:43 Loom
12:04 Feudal Age
13:29 Double-Bit Axe
14:06 Fletching
16:32 Padded Archer Armor
27:47 Castle Age
27:34 Scale Barding Armor
28:07 Bloodlines
28:03 Crossbowman
34:26 Bodkin Arrow
43:09 Forging
Connection lost

Rejoining the realm…

Still unreachable

The connection could not be restored.

Session expired

The server has moved on; the page needs a fresh start.